 Dungeon Crawl Stone Soup version 0.29.1-14-g9c671dbff4 (webtiles) character file.

Game seed: 11440101581495486634

175 leafyfresh the Ducker (level 5, 0/35 HPs)
             Began as a Djinni Ice Elementalist on Feb 17, 2023.
             Killed from afar by a white imp (13 damage)
             ... with a puff of frost
             ... on level 4 of the Dungeon.
             The game lasted 00:04:29 (4988 turns).

leafyfresh the Ducker (Djinni Ice Elementalist)     Turns: 4988, Time: 00:04:30

Health: 0/35       AC:  6    Str: 13    XL:     5   Next: 85%
Gold:   226        EV: 13    Int: 18    God:
                   SH:  0    Dex: 14

rFire   + + .      SeeInvis .   h - +4 short sword (drain)
rCold   x . .      Faith    .   (no shield)
rNeg    . . .      Spirit   .   t - +3 leather armour
rPois   ∞          Reflect  .   (no helmet)
rElec   .          Harm     .   (no cloak)
rCorr   .          Rampage  .   (no gloves)
Will    .....                   (boots unavailable)
Stlth   ++........              (no amulet)
HPRegen 0.11/turn               f - +6 ring of strength
MPRegen 0.00/turn               (no ring)

@: flying
A: sickness immunity, fire resistance 2, cold vulnerability 1, float, innate
caster, HP casting, extra vitality 1
a: no special abilities


You were on level 4 of the Dungeon.
You visited 1 branch of the dungeon, and saw 4 of its levels.

You collected 226 gold pieces.

Inventory:

Hand Weapons
 g - a +1 dagger of venom
 h - a +4 short sword of draining (weapon)
 s - a +1 dagger of flaming
Missiles
 m - 3 silver boomerangs
Armour
 a - a +0 robe
 t - a +3 leather armour (worn)
Jewellery
 f - a +6 ring of strength (left hand)
Wands
 n - a wand of roots (8)
 o - a wand of polymorph (6)
Scrolls
 b - 4 scrolls of identify {unknown}
 c - a scroll of enchant weapon {unknown}
 d - a scroll of immolation {unknown}
 i - a scroll of torment {unknown}
 k - a scroll of amnesia {unknown}
 l - a scroll of blinking {unknown}
Potions
 e - 2 potions of ambrosia {unknown}
 j - 2 potions of brilliance {unknown}
 p - a potion of degeneration {unknown}
 q - a potion of lignification {unknown}
 r - a potion of mutation {unknown}


   Skills:
 + Level 4.5 Dodging
 - Level 1.5 Stealth
 + Level 4.3 Spellcasting


You couldn't memorise any spells.
You knew the following spells:

 Your Spells              Type           Power      Damage    Failure   Level
a - Freeze                Ice            76%        1d9       3%          1
b - Frozen Ramparts       Ice            38%        1d6       9%          3
c - Ozocubu's Armour      Ice            19%        N/A       9%          3
d - Hailstorm             Conj/Ice       19%        3d6       30%         4
e - Sting                 Tmut/Pois      76%        1d6       3%          1
f - Ensorcelled Hibernat  Hex/Ice        38%        N/A       4%          2
Your spell library was empty.

Dungeon Overview and Level Annotations

Branches:
Dungeon (4/15)
 Temple: D:4-7

Altars:


Innate Abilities, Weirdness & Mutations

You are immune to sickness and miasma.
You are immune to poison.
Your flesh is very heat resistant. (rF++)
You are vulnerable to cold. (rC-)
You float through the air rather than walking.
You learn spells naturally, not from books.
Your magical power is your life essence.
You have superior vitality. (+4 MHP)


Message History

Done waiting.
There is a fountain of clear blue water here.
There is a stone staircase leading down here.
There is a stone staircase leading down here.
You fly downwards.
Found a scroll labelled XUNEEZXYOCE and 15 gold pieces.
Found a stone staircase leading down.
There is a stone staircase leading up here.
A white imp is nearby!
A white imp is nearby!
The helpless white imp fails to defend itself.
You hit the white imp.
The white imp is heavily wounded.
The white imp hits you. The white imp freezes you.
You feel a terrible chill!
You hit the white imp.
The white imp is heavily wounded.
The white imp gestures at you. The puff of frost hits you.
You feel a terrible chill! The white imp gestures at you.
The puff of frost hits you!
You feel a terrible chill!
You are too injured to fight recklessly!
A white imp is nearby!
You are too injured to fight recklessly!
Casting: Ensorcelled Hibernation (safe; 4% risk of failure)
Confirm with . or Enter, or press ? or * to list all spells.
Okay, then.
Casting: Ensorcelled Hibernation (safe; 4% risk of failure)
Confirm with . or Enter, or press ? or * to list all spells.
Okay, then.
Casting: Ensorcelled Hibernation (safe; 4% risk of failure)
Confirm with . or Enter, or press ? or * to list all spells.
Aiming: Sting (safe; 3% risk of failure)
Press: ? - help, Shift-Dir - straight line, f - white imp
Aim: a white imp (heavily wounded, 74% to hit)
The sting hits the white imp but does no damage.
The white imp is poisoned.
The white imp is heavily wounded.
The white imp gestures at you. The puff of frost hits you!
You feel a terrible chill!
You die...

.. #.
#.####
#...$#
#....#
#....#
###5...#
.##...@..#
........<.#
..?.......#
....>....##
.........#
........##
...#...##
##...## .##


You could see a white imp (poisoned).

Vanquished Creatures
  Terence (D:2)
  Robin (D:3)
  An adder (D:2)
  4 gnolls (D:3)
  A dart slug (D:2)
  4 orcs (D:3)
  5 ball pythons
  3 bats
  7 endoplasms
  2 giant cockroaches (D:3)
  15 goblins
  6 hobgoblins
  5 jackals (D:1)
  3 quokkas
  6 frilled lizards
  13 kobolds
  4 rats
81 creatures vanquished.

Vanquished Creatures (others)
  8 plants (D:2)
8 creatures vanquished.

Grand Total: 89 creatures vanquished

Notes
Turn   | Place    | Note
-------+----------+-------------------------------------------
     0 | D:1      | leafyfresh the Djinni Ice Elementalist began the quest for
                  | the Orb.
     0 | D:1      | leafyfresh set off with the following spells memorised:
                  | Freeze, Frozen Ramparts, Ozocubu's Armour, Hailstorm.
     0 | D:1      | Reached XP level 1. HP: 15/15 MP: 0/0
   267 | D:1      | Reached XP level 2. HP: 4/21 MP: 0/0
   947 | D:1      | Found a faded altar of an unknown god.
  1291 | D:1      | Reached XP level 3. HP: 15/25 MP: 0/0
  1291 | D:1      | Learned a level 1 spell: Sting
  1842 | D:2      | Noticed Terence
  1847 | D:2      | Killed Terence
  1848 | D:2      | Reached XP level 4. HP: 19/31 MP: 0/0
  3064 | D:3      | Noticed Robin
  3081 | D:3      | Reached XP level 5. HP: 9/35 MP: 0/0
  3081 | D:3      | Learned a level 2 spell: Ensorcelled Hibernation
  3082 | D:3      | Killed Robin
  4652 | D:4      | Noticed an ogre
  4988 | D:4      | Killed from afar by a white imp

Illustrated notes

Levels and vault maps discovered:
D:1:      minmay_arrival_semitransparent, layout_loops_ring,
          dreamdust_ecumenical_altar_grove, minmay_tromino_v7
D:2:      layout_loops_cross, basic_altar, serial_bayou, serial_bayou_shore_b,
          serial_bayou_lagoon_b, serial_bayou_pond_e, serial_bayou_ford_a,
          serial_bayou_lagoon_a, moated_statue, minmay_goblin_kobold_house,
          uniq_terence
D:3:      layout_loops_ring, corexii_leaking_fountain, minmay_misc_feat_pillars,
          uniq_robin
D:4:      layout_rooms, amcnicky_altar_gilded, serial_shops, shop, uniq_ijyb

Skill      XL: |  1  2  3  4 |
---------------+-------------+-----
Dodging        | 3 4 |  4.5
Spellcasting   | 4 |  4.3
Stealth        | |  1.5

Action                   |  1- 3 |  4- 6 || total
-------------------------+-------+-------++-------
Melee: Unarmed           |    28 |       ||    28
       Dagger            |    14 |       ||    14
       Short sword       |       |    95 ||    95
 Cast: Freeze            |    23 |     5 ||    28
       Sting             |     4 |     7 ||    11
       Frozen Ramparts   |       |     6 ||     6
       Ozocubu's Armour  |       |     1 ||     1
       Ensorcelled Hiber |       |     5 ||     5
       Hailstorm         |       |     1 ||     1
 Stab: Sleeping          |     2 |     6 ||     8
Armor: Robe              |    14 |    14 ||    28
       Leather armour    |       |     1 ||     1
Dodge: Dodged            |    40 |    76 ||   116
